 Dungeon Crawl Stone Soup version 0.25-a0-424-g80bd347ae0 (console) character file.

Game seed: 4218945399211429493, levelgen mode: deterministic

157 Kagalorn the Gusty (level 5, -2/35 HPs)
             Began as a Human Air Elementalist on Jan 22, 2020.
             Slain by an orc wizard
             ... wielding a +0 dagger
              (4 damage)
             ... on level 3 of the Dungeon.
             The game lasted 00:08:08 (2657 turns).

Kagalorn the Gusty (Human Air Elementalist)         Turns: 2657, Time: 00:08:09

Health: -2/35      AC:  3    Str:  8    XL:     5   Next: 66%
Magic:  5/10       EV: 12    Int: 17    God:
Gold:   122        SH:  0    Dex: 13    Spells: 7/10 levels left

rFire    . . .     SeeInvis .   a - +2 short sword (elec)
rCold    . . .     Gourm    .   (no shield)
rNeg     . . .     Faith    .   g - +0 robe
rPois    .         Spirit   .   t - +0 helmet
rElec    .         Reflect  .   (no cloak)
rCorr    .         Harm     .   (no gloves)
MR       .....                  (no boots)
Stlth    ++........             (no amulet)
HPRegen  0.11/turn              (no ring)
MPRegen  0.12/turn              (no ring)

@: very slightly contaminated
A: no striking features
a: no special abilities


You were on level 3 of the Dungeon.
You were not hungry.

You visited 1 branch of the dungeon, and saw 3 of its levels.

You collected 122 gold pieces.

Inventory:

Hand Weapons
 a - a +2 short sword of electrocution (weapon)
 b - a +0 hunting sling
Missiles
 l - 12 sling bullets
 o - 13 poisoned darts
 s - 81 stones (quivered)
Armour
 g - a +0 robe (worn)
 t - a +0 helmet (worn)
Wands
 m - a wand of disintegration (8)
Scrolls
 d - a scroll of fog {unknown}
 e - 3 scrolls of identify {unknown}
 i - 2 scrolls of blinking {unknown}
 r - a scroll of noise {unknown}
 u - a scroll of teleportation {unknown}
Potions
 f - a potion of magic {unknown}
 h - a potion of heal wounds {unknown}
 j - a potion of agility {unknown}
 k - 2 potions of ambrosia {unknown}
 n - a potion of curing {unknown}
 p - 2 potions of berserk rage {unknown}
Comestibles
 c - 4 rations
 q - a chunk of flesh


   Skills:
 * Level 1.2 Short Blades
 - Level 2.0 Dodging
 - Level 2.0 Stealth
 * Level 3.4 Spellcasting
 - Level 1.0 Conjurations
 * Level 4.7 Air Magic


You had 7 spell levels left.
You knew the following spells:

 Your Spells              Type           Power        Failure   Level  Hunger
a - Shock                 Conj/Air       ##..         5%          1    None
g - Swiftness             Chrm/Air       ##......     10%         2    ##.....

Your spell library contained the following spells:

 Spells                   Type           Power        Failure   Level  Hunger
 Static Discharge         Conj/Air       ##......     16%         3    ###....
 Airstrike                Air            ###.......   24%         4    ####...
 Lightning Bolt           Conj/Air       ##........   82%         5    ######.


Dungeon Overview and Level Annotations

Branches:
Dungeon (3/15)

Altars:

Annotations:
D:3 3 runed translucent doors, Kohma's ghost, amateur HOAK


Message History

The zap hits the orc.
You kill the orc!
The giant cockroach barely misses you. Something hits you but does no damage.
Casting: Shock (safe; 5% risk of failure)
Confirm with . or Enter, or press ? or * to list all spells.
Aiming: Shock (safe; 5% risk of failure)
Press: ? - help, Shift-Dir - straight line The zap hits something.
The giant cockroach barely misses you. Something hits you but does no damage.
Okay, then.
Casting: Shock (safe; 5% risk of failure)
Confirm with . or Enter, or press ? or * to list all spells.
Aiming: Shock (safe; 5% risk of failure)
Press: ? - help, Shift-Dir - straight line The zap hits something.
The giant cockroach bites you.
* * * LOW HITPOINT WARNING * * *
The giant cockroach bites you.
* * * LOW HITPOINT WARNING * * *
Something hits you.
You die...

###.#######
####....####
#.......#
#..........#
#######.#
#.###.#.##.#
#.# #)# #.#.#
%.
#.####o###.#.#
#.<......#.# #
######.#)#.#
#.#{#.#
#.#@#.. #.#s#
#.#.# #..#.
... . .. .. ..
?. ... ..#


You could see a giant cockroach.

Vanquished Creatures
  An orc wizard (D:3)
  Robin (D:3)
  4 adders
  An ooze (D:1)
  2 worms (D:2)
  A dart slug (D:1)
  A leopard gecko (D:3)
  6 orcs (D:3)
  2 ball pythons
  4 giant cockroaches
  17 goblins
  7 hobgoblins
  3 jackals (D:1)
  4 bats (D:1)
  2 frilled lizards (D:2)
  4 kobolds
  5 rats
65 creatures vanquished.

Notes
Turn   | Place    | Note
-------+----------+-------------------------------------------
     0 | D:1      | Kagalorn the Human Air Elementalist began the quest for the
                  | Orb.
     0 | D:1      | Reached XP level 1. HP: 13/13 MP: 3/3
   165 | D:1      | Reached XP level 2. HP: 18/19 MP: 0/5
   799 | D:1      | Reached XP level 3. HP: 24/24 MP: 1/6
   963 | D:2      | Reached skill level 4 in Air Magic
  1053 | D:2      | Reached XP level 4. HP: 21/30 MP: 1/7
  1369 | D:2      | Learned a level 2 spell: Swiftness
  2212 | D:3      | Reached skill level 1 in Short Blades
  2212 | D:3      | Reached XP level 5. HP: 23/35 MP: 5/9
  2512 | D:3      | Noticed Robin
  2525 | D:3      | Killed Robin
  2575 | D:3      | Found a runed translucent gate.
  2576 | D:3      | Found a runed translucent gate.
  2576 | D:3      | Found a runed translucent gate.
  2576 | D:3      | Noticed Kohma's ghost (amateur HOAK)
  2657 | D:3      | Slain by an orc wizard

Levels and vault maps discovered:
D:1:      minmay_arrival_open_corners, layout_basic, minivault_26,
          minmay_misc_feat_square
D:2:      layout_rooms, serial_co_window_serial, co_window_paths_b,
          co_window_cross_1, co_window_of_opportunity_a, co_window_paths_a,
          co_window_paths_b, co_window_cross_1, co_window_cross_1,
          co_window_paths_b, co_window_of_opportunity_a, co_window_cross_3,
          co_window_paths_c, co_window_2corner, co_window_broadway_b,
          co_window_broadway_c, co_window_paths_e, glass_columns_b,
          minmay_domino_4
D:3:      layout_loops_ring, first_ration, gammafunk_ghost_split, uniq_robin

Skill      XL: |  1  2  3  4 |
---------------+-------------+-----
Air Magic      | 4 |  4.7
Short Blades   | 1 |  1.2
Spellcasting   | 3 |  3.4
Dodging        | |  2.0
Stealth        | |  2.0
Conjurations   | |  1.0

Action                   |  1- 3 |  4- 6 || total
-------------------------+-------+-------++-------
Melee: Unarmed           |     5 |       ||     5
       Short sword       |    19 |    47 ||    66
 Cast: Shock             |    39 |    70 ||   109
 Stab: Sleeping          |     3 |     2 ||     5
  Eat: Chunk             |       |     6 ||     6
Armor: Robe              |    17 |     6 ||    23
Dodge: Dodged            |    37 |    39 ||    76

Table legend:
 A = Non-vault XP
 B = Vault XP
 C = Vault XP percentage of total XP
 D = Non-vault monster count
 E = Vault monster count
 F = Vault count percentage of total count
                 A         B        C        D         E       F
            +---------+---------+-------+---------+---------+-------
      Total |     187 |      38 |  16.9 |      51 |      14 |  21.5
            +---------+---------+-------+---------+---------+-------
        D:1 |      42 |       0 |   0.0 |      21 |       0 |   0.0
        D:2 |      61 |       4 |   6.2 |      13 |       3 |  18.8
        D:3 |      84 |      34 |  28.8 |      17 |      11 |  39.3
            +---------+---------+-------+---------+---------+-------
